 Dungeon Crawl Stone Soup version 0.23.2 (webtiles) character file.

Game seed: 3052942772203989203

63 Borgoz the Skirmisher (level 4, -1/38 (39) HPs)
             Began as a Ghoul Monk on Apr 4, 2019.
             Slain by an orc wizard
             ... wielding a +0 dagger
              (4 damage)
             ... on level 3 of the Dungeon.
             The game lasted 00:02:45 (1996 turns).

Borgoz the Skirmisher (Ghoul Monk)                  Turns: 1996, Time: 00:02:46

HP:   -1/38 (39)    AC:  2    Str: 14    XL:     4   Next: 9%
MP:   0/3           EV: 13    Int:  5    God:
Gold: 172           SH:  0    Dex: 12    Spells: 3/3 levels left

rFire    . . .     SeeInvis .   a - +0 short sword
rCold    + . .     Gourm    .   (no shield)
rNeg     + + +     Faith    .   b - +0 robe
rPois    ∞         Spirit   +   (no helmet)
rElec    .         Reflect  .   (no cloak)
rCorr    .         Harm     .   (no gloves)
MR       .....                  (no boots)
Stlth    ++........             f - amulet of guardian spirit
HPRegen  0.00/turn              (no ring)
MPRegen  0.08/turn              (no ring)

@: rotting, slowed, very slow
A: rotting body, claws 1, carnivore, cold resistance 1, negative energy
resistance 3, inhibited regeneration, torment resistance, unbreathing
a: no special abilities


You were on level 3 of the Dungeon.
You were not hungry.

You visited 1 branch of the dungeon, and saw 3 of its levels.

You collected 172 gold pieces.

Inventory:

Hand Weapons
 a - a +0 short sword (weapon)
Armour
 b - a +0 robe (worn)
Jewellery
 f - an amulet of guardian spirit (around neck)
Scrolls
 d - a scroll of remove curse
 g - 2 scrolls of amnesia
 j - 2 scrolls of teleportation
Comestibles
 c - 4 rations


   Skills:
 + Level 3.6 Fighting
 * Level 3.1 Short Blades
 * Level 1.3 Armour
 * Level 3.2 Dodging
 + Level 2.6 Stealth
 + Level 0.2 Spellcasting


You had 3 spell levels left.
You didn't know any spells.
Your spell library was empty.

Dungeon Overview and Level Annotations

Branches:
Dungeon (3/15)

Altars:
Makhleb
Vehumet


Innate Abilities, Weirdness & Mutations

Your body is rotting away.
You thrive on raw meat.
You are immune to poison.
You have sharp fingernails.
You are carnivorous and can eat meat at any time.
Your flesh is cold resistant. (rC+)
You are immune to negative energy. (rN+++)
You do not regenerate when monsters are visible.
You are immune to unholy pain and torment.
You can survive without breathing.


Message History

You feel yourself slow down.
You hit the orc wizard but do no damage.
The orc wizard is lightly wounded.
The orc wizard hits you but does no damage.
The orc wizard barely misses you.
The orc wizard hits you with a +0 dagger.
* * * LOW HITPOINT WARNING * * *
You hit the orc wizard.
The orc wizard is moderately wounded.
The orc wizard hits you with a +0 dagger.
* * * LOW HITPOINT WARNING * * *
The orc wizard hits you with a +0 dagger.
* * * LOW HITPOINT WARNING * * *
You hit the orc wizard.
The orc wizard is heavily wounded.
The orc wizard barely misses you. The orc wizard closely misses you.
You hit the orc wizard.
The orc wizard is heavily wounded.
The orc wizard hits you with a +0 dagger.
You die...

########## #.
#.........
#.##.........
#.##.........
#.##.........
#.##.........
#.##.........
#.##.@o.....[
#..).........
#<##...^.....
#.##.........
#............
####....$....
#.........
##########


You could see an orc wizard.

Vanquished Creatures
  An adder (D:2)
  2 worms (D:2)
  A dart slug (D:2)
  2 orcs (D:3)
  2 bats (D:1)
  6 giant cockroaches
  3 goblins
  5 hobgoblins
  4 kobolds
  A ball python (D:1)
  4 rats
31 creatures vanquished.

Vanquished Creatures (others)
  An orc wizard (D:3)
1 creature vanquished.

Grand Total: 32 creatures vanquished

Notes
Turn   | Place    | Note
-------+----------+-------------------------------------------
     0 | D:1      | Borgoz the Ghoul Monk began the quest for the Orb.
     0 | D:1      | Reached XP level 1. HP: 19/19 MP: 0/0
   295 | D:1      | Reached XP level 2. HP: 7/26 MP: 1/1
   885 | D:2      | Found a burning altar of Makhleb.
   885 | D:2      | Found a radiant altar of Vehumet.
   945 | D:2      | Reached skill level 1 in Armour
   945 | D:2      | Reached XP level 3. HP: 13/31 MP: 0/2
  1688 | D:3      | Reached XP level 4. HP: 5/39 MP: 0/3
  1996 | D:3      | Slain by an orc wizard

Skill      XL: |  1  2 |
---------------+-------+-----
Short Blades   | 3 |  3.1
Armour         | 1 |  1.3
Dodging        | 3 |  3.2
Fighting       | |  3.6
Stealth        | |  2.6
Spellcasting   | |  0.2

Action                   |  1- 3 |  4- 6 || total
-------------------------+-------+-------++-------
Melee: Short sword       |   151 |    32 ||   183
Throw: Throwing net      |       |     1 ||     1
  Use: Scroll            |     2 |     1 ||     3
       Potion            |     2 |       ||     2
 Stab: Sleeping          |     1 |       ||     1
  Eat: Chunk             |     6 |       ||     6
Armor: Robe              |    23 |       ||    23
Dodge: Dodged            |   111 |    15 ||   126
